 Dungeon Crawl Stone Soup version 0.21-a0-344-g2144152 (webtiles) character file.

2169 tidbits the Charmwright (level 9, -8/62 HPs)
             Began as a Gnoll Skald on Oct 4, 2017.
             Was a High Priest of Cheibriados.
             Mangled by a yak (9 damage)
             ... on level 9 of the Dungeon.
             The game lasted 00:15:42 (2264 turns).

tidbits the Charmwright (Gnoll Skald)               Turns: 2264, Time: 00:15:43

Health: -8/62      AC:  6    Str: 22    XL:     9   Next: 32%
Magic:  13/18      EV: 18    Int: 29    God:    Cheibriados [*****.]
Gold:   264        SH:  0    Dex: 25    Spells: 10/21 levels left

rFire    . . .     SeeInvis .   a - -1 long sword (curse)
rCold    . . .     Gourm    .   (no shield)
rNeg     . . .     Faith    +   y - +2 robe {MR+}
rPois    .         Spirit   .   (no helmet)
rElec    .         Reflect  .   (no cloak)
rCorr    .         Harm     .   (no gloves)
MR       +....     Clarity  +   (no boots)
Stlth    +++.......             o - amulet of faith
HPRegen  0.20/turn              (no ring)
MPRegen  0.16/turn              (no ring)

@: very slow
A: distributed training, fangs 1, yellow scales 1, clarity, dopey 1, frail 1,
weak 1, strong nose
a: Bend Time, Temporal Distortion, Slouch, Step From Time, Renounce Religion


You were on level 9 of the Dungeon.
You worshipped Cheibriados.
Cheibriados was extremely pleased with you.
You were not hungry.

You visited 1 branch of the dungeon, and saw 9 of its levels.
You also visited: Sewer.

You collected 264 gold pieces.

Inventory:

Hand Weapons
 a - a cursed -1 long sword (weapon)
 b - a +0 hand crossbow
 s - a +0 falchion
Missiles
 e - 91 arrows
Armour
 y - a +2 robe of magic resistance (worn)
   (You found it on level 8 of the Dungeon)
 B - a +2 robe of fire resistance
   (You took it off Pikel on level 6 of the Dungeon)
Jewellery
 o - an amulet of faith (around neck)
   (You found it on level 3 of the Dungeon)
Wands
 j - a wand of flame (29/48)
 v - a wand of flame (19/48)
Scrolls
 g - 3 scrolls of teleportation
 h - a scroll of enchant weapon {unknown}
 k - a scroll of amnesia {unknown}
 l - 2 scrolls of blinking
 n - 2 scrolls of immolation {unknown}
 p - a scroll of remove curse {unknown}
 q - a scroll of recharging {unknown}
 t - a scroll of fog
 w - a scroll of fear {unknown}
Potions
 i - a potion of lignification
 m - a potion of agility
 r - a potion of flight {unknown}
 x - a potion of heal wounds {unknown}
 z - a potion of haste {unknown}
 A - a potion of might {unknown}
Books
 c - a book of Battle

   Spells                             Type                      Level
   a - Infusion                       Charms                       1
   b - Shroud of Golubria             Charms/Translocation         2
   c - Song of Slaying                Charms                       2
   d - Spectral Weapon                Hexes/Charms                 3
   e - Regeneration                   Charms/Necromancy            3
Comestibles
 d - 2 bread rations
 f - 7 fruits
 u - 2 meat rations
 C - 2 chunks of flesh


   Skills:
 + Level 6.2 Fighting
 + Level 4.0 Short Blades
 + Level 6.2 Long Blades
 + Level 4.0 Axes
 + Level 4.0 Maces & Flails
 + Level 4.0 Polearms
 + Level 4.0 Staves
 + Level 4.0 Slings
 + Level 4.0 Bows
 + Level 4.0 Crossbows
 + Level 4.0 Throwing
 + Level 4.9 Armour
 + Level 6.2 Dodging
 + Level 4.0 Stealth
 + Level 4.0 Shields
 + Level 4.0 Unarmed Combat
 + Level 6.5 Spellcasting
 + Level 4.0 Conjurations
 + Level 4.0 Hexes
 + Level 7.8 Charms
 + Level 4.0 Summonings
 + Level 4.0 Necromancy
 + Level 4.0 Translocations
 + Level 4.0 Transmutations
 + Level 4.0 Fire Magic
 + Level 4.0 Ice Magic
 + Level 4.0 Air Magic
 + Level 4.0 Earth Magic
 + Level 4.0 Poison Magic
 + Level 4.0 Invocations
 + Level 4.0 Evocations


You had 10 spell levels left.
You knew the following spells:

 Your Spells              Type           Power        Failure   Level  Hunger
g - Shroud of Golubria    Chrm/Tloc      #####.....   1%          2    None
i - Infusion              Chrm           ####         1%          1    None
r - Regeneration          Chrm/Necr      #####.....   1%          3    None
s - Song of Slaying       Chrm           ######..     1%          2    None
w - Spectral Weapon       Hex/Chrm       #####...     1%          3    None


Dungeon Overview and Level Annotations

Branches:
Dungeon (9/15)
 Temple: D:4-7         Lair: D:8-11         Orc: D:9-12

Altars:
Cheibriados
Fedhas
Hepliaklqana
Okawaru
Vehumet
Xom

Annotations:
D:5 Dowan, Duvessa


Innate Abilities, Weirdness & Mutations

Your experience applies equally to all skills.
You have very sharp teeth.
Your uncanny sense of smell can sniff out nearby items.
You are partially covered in yellow scales. (AC +2)
You possess an exceptional clarity of mind.
You are dopey. (Int -2)
You are frail. (-10% HP)
You are weak. (Str -2)


Message History

Your Poison Magic skill increases to level 4!
Your Invocations skill increases to level 4!
Your Evocations skill increases to level 4!
Unknown command.
e - 75 arrows (gained 1)
Your skin stops crawling.
e - 86 arrows (gained 11)
Things that are here:
an uncursed shortbow; a centaur corpse
e - 88 arrows (gained 2)
e - 89 arrows (gained 1)
You swap places.
Things that are here:
an uncursed shortbow; a centaur corpse You butcher the centaur corpse.
C - 3 chunks of flesh You see here an uncursed shortbow.
Eat one of 3 chunks of flesh? (ye/n/q)
You eat one of the 3 chunks of flesh.
This raw flesh tastes terrible.
e - 91 arrows (gained 2)
Your spectral weapon fades away.
There is a stone staircase leading down here.
You climb downwards.
A yak comes into view.
The yak bellows!
You hear a bellow! x2
Found a royal jelly.
Found an escape hatch in the floor.
There is a stone staircase leading up here.
Found 6 gold pieces.
You now have 264 gold pieces (gained 6).
There is a stone staircase leading up here. 2 yaks come into view.
Casting: Spectral Weapon
Confirm with . or Enter, or press ? or * to list all spells.
You draw out your weapon's spirit!
The yak bellows!
A yak comes into view.
The yak misses you.
The yak bellows! x2
You slash the yak!
The yak is moderately wounded.
Your spectral weapon hits the yak.
The yak gores you.
You hit the yak but do no damage.
The yak is moderately wounded.
Your spectral weapon hits the yak.
The yak barely misses you.
Casting: Spectral Weapon
Confirm with . or Enter, or press ? or * to list all spells.
Space distorts slightly along a thin shroud covering your body.
The yak barely misses your spectral weapon.
You hit the yak. You bite the yak.
The yak is heavily wounded.
Your spectral weapon hits the yak.
The yak gores you!
Your shroud falls apart!
You hit the yak but do no damage. You bite the yak, but do no damage.
The yak is severely wounded.
Your spectral weapon hits the yak.
The yak completely misses you.
You riposte.
You hit the yak but do no damage. You bite the yak.
The yak is almost dead.
You barely miss the yak. You bite the yak.
The yak is almost dead.
Your spectral weapon hits the yak!
You kill the yak!
Cheibriados appreciates the change of pace.
You slash the yak!
The yak is moderately wounded.
Your spectral weapon fades away.
The yak completely misses you.
Casting: Shroud of Golubria
Confirm with . or Enter, or press ? or * to list all spells.
You draw out your weapon's spirit!
The yak barely misses you.
You hit the yak.
The yak is moderately wounded.
Your spectral weapon closely misses the yak.
The yak closely misses your spectral weapon.
You hit the yak.
The yak is moderately wounded.
Your spectral weapon hits the yak!
You hit the yak but do no damage.
The yak is heavily wounded.
Your spectral weapon hits the yak but does no damage.
The yak gores you!
You hit the yak.
The yak is severely wounded.
Your spectral weapon hits the yak but does no damage.
The yak closely misses you.
You riposte.
You hit the yak but do no damage.
The yak is severely wounded.
The yak closely misses you. The yak gores you!
* * * LOW HITPOINT WARNING * * *
The yak closely misses you. The yak misses your spectral weapon.
The yak closely misses you.
You riposte.
You hit the yak.
The yak is severely wounded.
The yak gores you!
* * * LOW HITPOINT WARNING * * *
The yak barely misses your spectral weapon.
The yak gores you!
* * * LOW HITPOINT WARNING * * *
The yak gores your spectral weapon!
Your spectral weapon shares its damage with you!
* * * LOW HITPOINT WARNING * * *
The yak gores you!
You die...

.########
Y........
........ Y.....
# .>.# ##.
####.##Y####....
........(....###
##.#.##YY....%.#
#..@###.#.#
#...#.....#
#.#.#.....#
#.........#
#.#.####.#...
#.#.. #....
..... #.###.


You could see 3 yaks and a friendly spectral long sword.

Vanquished Creatures
  Pikel (D:6)
  Prince Ribbit (D:7)
  A yak (D:9)
  A sky beast (D:6)
  2 orc warriors
  A necrophage (D:6)
  A centaur (D:8)
  A scorpion (D:6)
  5 killer bees (D:7)
  2 crimson imps
  A quasit (D:6)
  A hound (D:6)
  2 orc priests
  2 jellies (D:6)
  3 orc wizards
  4 iguanas
  2 worker ants
  5 adders
  6 river rats
  2 shadow imps (D:6)
  3 worms
  4 leopard geckos
  12 orcs
  2 ball pythons (Sewer)
  7 giant cockroaches
  4 goblins
  A hobgoblin (D:2)
  3 quokkas
  7 bats
  13 frilled lizards
  6 kobolds (D:1)
  A leopard gecko skeleton (D:4)
  16 rats
123 creatures vanquished.

Vanquished Creatures (others)
  An orc (D:7)
1 creature vanquished.

Grand Total: 124 creatures vanquished

Notes
Turn   | Place    | Note
-------+----------+-------------------------------------------
     0 | D:1      | tidbits the Gnoll Skald began the quest for the Orb.
     0 | D:1      | Reached XP level 1. HP: 20/20 MP: 6/6
    77 | D:1      | Reached XP level 2. HP: 26/26 MP: 0/7
   135 | D:2      | Learned a level 2 spell: Song of Slaying
   138 | D:2      | Learned a level 2 spell: Shroud of Golubria
   238 | D:3      | Found a hazy altar of Hepliaklqana.
   239 | D:3      | Found a shimmering altar of Xom.
   240 | D:3      | Noticed a spectral ugly thing
   324 | D:3      | Reached XP level 3. HP: 31/31 MP: 6/9
   383 | D:2      | Found an iron altar of Okawaru.
   383 | D:2      | Found a snail-covered altar of Cheibriados.
   391 | D:2      | Became a worshipper of Cheibriados the Contemplative
   412 | D:3      | Reached skill level 5 in Spellcasting
   472 | D:2      | Learned a level 3 spell: Regeneration
   476 | D:2      | Learned a level 3 spell: Spectral Weapon
   553 | D:2      | Reached skill level 1 in Short Blades
   553 | D:2      | Reached skill level 1 in Axes
   553 | D:2      | Reached skill level 1 in Maces & Flails
   553 | D:2      | Reached skill level 1 in Polearms
   553 | D:2      | Reached skill level 1 in Staves
   553 | D:2      | Reached skill level 1 in Slings
   553 | D:2      | Reached skill level 1 in Bows
   553 | D:2      | Reached skill level 1 in Crossbows
   553 | D:2      | Reached skill level 1 in Throwing
   553 | D:2      | Reached skill level 1 in Stealth
   553 | D:2      | Reached skill level 1 in Shields
   553 | D:2      | Reached skill level 1 in Unarmed Combat
   553 | D:2      | Reached skill level 1 in Conjurations
   553 | D:2      | Reached skill level 1 in Hexes
   553 | D:2      | Reached skill level 1 in Summonings
   553 | D:2      | Reached skill level 1 in Necromancy
   553 | D:2      | Reached skill level 1 in Translocations
   553 | D:2      | Reached skill level 1 in Transmutations
   553 | D:2      | Reached skill level 1 in Fire Magic
   553 | D:2      | Reached skill level 1 in Ice Magic
   553 | D:2      | Reached skill level 1 in Air Magic
   553 | D:2      | Reached skill level 1 in Earth Magic
   553 | D:2      | Reached skill level 1 in Poison Magic
   553 | D:2      | Reached skill level 1 in Invocations
   553 | D:2      | Reached skill level 1 in Evocations
   568 | D:2      | Reached XP level 4. HP: 38/38 MP: 2/11
   607 | D:2      | Reached * piety under Cheibriados
   741 | D:4      | Found a radiant altar of Vehumet.
   772 | D:5      | Entered Level 5 of the Dungeon
   874 | D:5      | Found a blossoming altar of Fedhas.
   884 | D:5      | Noticed Duvessa
   884 | D:5      | Noticed Dowan
   910 | D:6      | Found a glowing drain.
   915 | Sewer    | Entered a sewer
   942 | Sewer    | Reached ** piety under Cheibriados
   984 | Sewer    | Reached XP level 5. HP: 29/43 MP: 6/12
  1119 | Sewer    | Reached *** piety under Cheibriados
  1325 | D:6      | Noticed a necrophage
  1338 | D:6      | Reached skill level 3 in Armour
  1353 | D:6      | Killed a necrophage
  1353 | D:6      | Reached XP level 6. HP: 16/50 MP: 0/13
  1475 | D:6      | Reached skill level 5 in Fighting
  1475 | D:6      | Reached skill level 5 in Long Blades
  1475 | D:6      | Reached skill level 5 in Dodging
  1489 | D:6      | Reached skill level 2 in Short Blades
  1489 | D:6      | Reached skill level 2 in Axes
  1489 | D:6      | Reached skill level 2 in Maces & Flails
  1489 | D:6      | Reached skill level 2 in Polearms
  1489 | D:6      | Reached skill level 2 in Staves
  1489 | D:6      | Reached skill level 2 in Slings
  1489 | D:6      | Reached skill level 2 in Bows
  1489 | D:6      | Reached skill level 2 in Crossbows
  1489 | D:6      | Reached skill level 2 in Throwing
  1489 | D:6      | Reached skill level 2 in Stealth
  1489 | D:6      | Reached skill level 2 in Shields
  1489 | D:6      | Reached skill level 2 in Unarmed Combat
  1489 | D:6      | Reached skill level 2 in Conjurations
  1489 | D:6      | Reached skill level 2 in Hexes
  1489 | D:6      | Reached skill level 2 in Summonings
  1489 | D:6      | Reached skill level 2 in Necromancy
  1489 | D:6      | Reached skill level 2 in Translocations
  1489 | D:6      | Reached skill level 2 in Transmutations
  1489 | D:6      | Reached skill level 2 in Fire Magic
  1489 | D:6      | Reached skill level 2 in Ice Magic
  1489 | D:6      | Reached skill level 2 in Air Magic
  1489 | D:6      | Reached skill level 2 in Earth Magic
  1489 | D:6      | Reached skill level 2 in Poison Magic
  1489 | D:6      | Reached skill level 2 in Invocations
  1489 | D:6      | Reached skill level 2 in Evocations
  1519 | D:6      | HP: 4/51 [jelly (2)]
  1591 | D:7      | Noticed Pikel
  1591 | D:7      | Noticed a slave
  1596 | D:7      | Noticed a slave
  1600 | D:7      | Noticed a slave
  1602 | D:7      | Noticed a slave
  1631 | D:6      | Killed Pikel
  1631 | D:6      | Reached skill level 7 in Charms
  1631 | D:6      | Reached XP level 7. HP: 11/56 MP: 9/15
  1658 | D:6      | Reached XP level 8. HP: 36/63 MP: 5/16
  1663 | D:6      | Reached skill level 4 in Armour
  1671 | D:6      | Gained mutation: You are frail. (-10% HP) [mutagenic meat]
  1672 | D:6      | Gained mutation: You are weak. (Str -2) [mutagenic meat]
  1674 | D:6      | Gained mutation: You possess an exceptional clarity of mind. [mutagenic meat]
  1675 | D:6      | Gained mutation: You are partially covered in yellow scales. (AC +2) [mutagenic meat]
  1676 | D:6      | Gained mutation: You are dopey. (Int -2) [mutagenic meat]
  1692 | D:6      | Reached skill level 3 in Short Blades
  1692 | D:6      | Reached skill level 3 in Axes
  1692 | D:6      | Reached skill level 3 in Maces & Flails
  1692 | D:6      | Reached skill level 3 in Polearms
  1692 | D:6      | Reached skill level 3 in Staves
  1692 | D:6      | Reached skill level 3 in Slings
  1692 | D:6      | Reached skill level 3 in Bows
  1692 | D:6      | Reached skill level 3 in Crossbows
  1692 | D:6      | Reached skill level 3 in Throwing
  1692 | D:6      | Reached skill level 3 in Stealth
  1692 | D:6      | Reached skill level 3 in Shields
  1692 | D:6      | Reached skill level 3 in Unarmed Combat
  1692 | D:6      | Reached skill level 3 in Conjurations
  1692 | D:6      | Reached skill level 3 in Hexes
  1692 | D:6      | Reached skill level 3 in Summonings
  1692 | D:6      | Reached skill level 3 in Necromancy
  1692 | D:6      | Reached skill level 3 in Translocations
  1692 | D:6      | Reached skill level 3 in Transmutations
  1692 | D:6      | Reached skill level 3 in Fire Magic
  1692 | D:6      | Reached skill level 3 in Ice Magic
  1692 | D:6      | Reached skill level 3 in Air Magic
  1692 | D:6      | Reached skill level 3 in Earth Magic
  1692 | D:6      | Reached skill level 3 in Poison Magic
  1692 | D:6      | Reached skill level 3 in Invocations
  1692 | D:6      | Reached skill level 3 in Evocations
  1707 | D:6      | Reached **** piety under Cheibriados
  1790 | D:7      | Reached skill level 6 in Spellcasting
  1873 | D:7      | Noticed Prince Ribbit
  1883 | D:7      | Killed Prince Ribbit
  1910 | D:7      | Reached XP level 9. HP: 55/62 MP: 8/18
  1918 | D:7      | Reached skill level 6 in Fighting
  1918 | D:7      | Reached skill level 6 in Long Blades
  1918 | D:7      | Reached skill level 6 in Dodging
  1926 | D:7      | Reached ***** piety under Cheibriados
  2211 | D:8      | Reached skill level 4 in Short Blades
  2211 | D:8      | Reached skill level 4 in Axes
  2211 | D:8      | Reached skill level 4 in Maces & Flails
  2211 | D:8      | Reached skill level 4 in Polearms
  2211 | D:8      | Reached skill level 4 in Staves
  2211 | D:8      | Reached skill level 4 in Slings
  2211 | D:8      | Reached skill level 4 in Bows
  2211 | D:8      | Reached skill level 4 in Crossbows
  2211 | D:8      | Reached skill level 4 in Throwing
  2211 | D:8      | Reached skill level 4 in Stealth
  2211 | D:8      | Reached skill level 4 in Shields
  2211 | D:8      | Reached skill level 4 in Unarmed Combat
  2211 | D:8      | Reached skill level 4 in Conjurations
  2211 | D:8      | Reached skill level 4 in Hexes
  2211 | D:8      | Reached skill level 4 in Summonings
  2211 | D:8      | Reached skill level 4 in Necromancy
  2211 | D:8      | Reached skill level 4 in Translocations
  2211 | D:8      | Reached skill level 4 in Transmutations
  2211 | D:8      | Reached skill level 4 in Fire Magic
  2211 | D:8      | Reached skill level 4 in Ice Magic
  2211 | D:8      | Reached skill level 4 in Air Magic
  2211 | D:8      | Reached skill level 4 in Earth Magic
  2211 | D:8      | Reached skill level 4 in Poison Magic
  2211 | D:8      | Reached skill level 4 in Invocations
  2211 | D:8      | Reached skill level 4 in Evocations
  2264 | D:9      | HP: 4/62 [yak (11)]
  2264 | D:9      | HP: 1/62 [yak (3)]
  2264 | D:9      | Mangled by a yak

Vault maps used:
D:1:      onia_arrival_mini_spirals, nrook_mini_vaults, serial_park_tiny_pond,
          minmay_fountain_box
D:2:      kennysheep_big_flooded_room, nicolae_overflow_hidden_temple,
          hex_large, minmay_misc_feat_four_crosses
D:3:      regret_index_temple_of_mockery
D:4:      chequers_temple_overflow_minitemple, vehumet_crystals, first_bread,
          nicolae_gozag_seed_capital
D:5:      grunt_qazlal_clouds, lemuel_crystal_altar, fedhas_altar_3,
          nicolae_dithmenos_the_darkroom, uniq_duvessa
D:6:      minmay_temple_entry_poolview, portal_sewer_entry_e, grunt_ministairs_3
D:7:      serial_shops, shop, uniq_prince_ribbit1, uniq_pikel
D:8:      gammafunk_cloud_chamber, serial_shops, shop, shop,
          nicolae_shop_temple_entry_statues_fountains
D:9:      corexii_corridor_pit
Sewer:    sewer_co_cracked_pipes

Skill      XL: |  1  2  3  4  5  6  7  8  9 |
---------------+----------------------------+-----
Spellcasting   | 5 6 |  6.5
Short Blades   | 1 2 3 4 |  4.0
Axes           | 1 2 3 4 |  4.0
Maces & Flails | 1 2 3 4 |  4.0
Polearms       | 1 2 3 4 |  4.0
Staves         | 1 2 3 4 |  4.0
Slings         | 1 2 3 4 |  4.0
Bows           | 1 2 3 4 |  4.0
Crossbows      | 1 2 3 4 |  4.0
Throwing       | 1 2 3 4 |  4.0
Stealth        | 1 2 3 4 |  4.0
Shields        | 1 2 3 4 |  4.0
Unarmed Combat | 1 2 3 4 |  4.0
Conjurations   | 1 2 3 4 |  4.0
Hexes          | 1 2 3 4 |  4.0
Summonings     | 1 2 3 4 |  4.0
Necromancy     | 1 2 3 4 |  4.0
Translocations | 1 2 3 4 |  4.0
Transmutations | 1 2 3 4 |  4.0
Fire Magic     | 1 2 3 4 |  4.0
Ice Magic      | 1 2 3 4 |  4.0
Air Magic      | 1 2 3 4 |  4.0
Earth Magic    | 1 2 3 4 |  4.0
Poison Magic   | 1 2 3 4 |  4.0
Invocations    | 1 2 3 4 |  4.0
Evocations     | 1 2 3 4 |  4.0
Armour         | 3 4 |  4.9
Fighting       | 5 6 |  6.2
Long Blades    | 5 6 |  6.2
Dodging        | 5 6 |  6.2
Charms         | 7 |  7.8

Action                   |  1- 3 |  4- 6 |  7- 9 || total
-------------------------+-------+-------+-------++-------
Melee: Falchion          |    55 |   127 |       ||   182
       Bite              |     8 |    29 |    25 ||    62
       Long sword        |       |    12 |   117 ||   129
       Punch             |       |     2 |     6 ||     8
 Cast: Infusion          |     9 |     4 |       ||    13
       Spectral Weapon   |     4 |    16 |    16 ||    36
       Regeneration      |     1 |     5 |    15 ||    21
       Shroud of Golubri |     1 |     1 |     2 ||     4
       Song of Slaying   |       |       |     1 ||     1
Invok: Bend Time         |       |     1 |     2 ||     3
Evoke: Wand              |       |     1 |       ||     1
  Use: Potion            |     1 |     4 |     1 ||     6
       Scroll            |       |     1 |     3 ||     4
 Stab: Sleeping          |       |     4 |       ||     4
       Distracted        |       |     2 |     1 ||     3
  Eat: Chunk             |       |     2 |     9 ||    11
Armor: Leather armour    |    16 |    32 |       ||    48
       Robe              |       |       |    21 ||    21
       Skin              |       |       |     6 ||     6
Dodge: Dodged            |    52 |   140 |   114 ||   306
       Rpst.: Falchion   |    26 |    44 |       ||    70
       Long sword        |       |     5 |    29 ||    34

Table legend:
 A = Spawn XP
 B = Non-spawn XP
 C = Spawn XP percentage of total XP
 D = Spawn monster count
 E = Non-spawn monster count
 F = Spawn count percentage of total count
 G = Total turns spent on level
                    A         B        C        D         E        F      G
               +---------+---------+-------+---------+---------+-------+---------
         Total |       0 |    3099 |   0.0 |       0 |     124 |   0.0 |  2264
               +---------+---------+-------+---------+---------+-------+---------
           D:1 |       0 |      22 |   0.0 |       0 |      14 |   0.0 |   140
           D:2 |       0 |      66 |   0.0 |       0 |      13 |   0.0 |   328
           D:3 |       0 |      14 |   0.0 |       0 |       5 |   0.0 |   246
           D:4 |       0 |       8 |   0.0 |       0 |       5 |   0.0 |    58
           D:5 |       0 |       4 |   0.0 |       0 |       2 |   0.0 |   199
           D:6 |       0 |    1401 |   0.0 |       0 |      28 |   0.0 |   402
           D:7 |       0 |     889 |   0.0 |       0 |      19 |   0.0 |   364
           D:8 |       0 |     420 |   0.0 |       0 |       9 |   0.0 |   129
           D:9 |       0 |     187 |   0.0 |       0 |       1 |   0.0 |    28
         Sewer |       0 |      88 |   0.0 |       0 |      28 |   0.0 |   370
               +---------+---------+-------+---------+---------+-------+---------

Table legend:
 A = Turns spent in this place as a percentage of turns spent in the entire game.
 B = Non-inter-level travel turns spent in this place as a percentage of non-inter-level travel turns spent in the entire game.
 C = Inter-level travel turns spent in this place as a percentage of turns spent in this place.
 D = Turns resting spent in this place as a percentage of non-inter-level travel turns spent in this place.
 E = Turns spent auto-exploring this place as a percentage of non-inter-level travel turns spent in this place.
 F = Non-inter-level travel turns spent in this place divided by the number of levels of this place that you've seen.
                   A       B       C       D       E      F
               +-------+-------+-------+-------+-------+----------------------
         Total | 100.0 | 100.0 |   3.1 |   0.6 |   0.0 | 219.3
       Dungeon |  83.7 |  83.1 |   3.7 |   0.8 |   0.0 | 202.6
         Sewer |  16.3 |  16.9 |   0.0 |   0.0 |   0.0 | 370.0
               +-------+-------+-------+-------+-------+----------------------

Table legend:
 A = Kills in this place as a percentage of kills in entire the game.
 B = Kills by you in this place as a percentage of kills by you in the entire game.
 C = Kills by friends in this place as a percentage of kills by friends in the entire game.
 D = Other kills in this place as a percentage of other kills in the entire game.
 E = Experience gained in this place as a percentage of experience gained in the entire game.
 F = Experience gained in this place divided by the number of levels of this place that you have seen.
                   A       B       C       D       E      F
               +-------+-------+-------+-------+-------+----------------------
         Total | 100.0 | 100.0 |   N/A | 100.0 | 100.0 | 309.9
       Dungeon |  77.4 |  77.2 |   N/A | 100.0 |  97.2 | 334.6
         Sewer |  22.6 |  22.8 |   N/A |   0.0 |   2.8 |  88.0
               +-------+-------+-------+-------+-------+----------------------

Vault maps used:
D:1:      onia_arrival_mini_spirals, nrook_mini_vaults, serial_park_tiny_pond,
          minmay_fountain_box
D:2:      kennysheep_big_flooded_room, nicolae_overflow_hidden_temple,
          hex_large, minmay_misc_feat_four_crosses
D:3:      regret_index_temple_of_mockery
D:4:      chequers_temple_overflow_minitemple, vehumet_crystals, first_bread,
          nicolae_gozag_seed_capital
D:5:      grunt_qazlal_clouds, lemuel_crystal_altar, fedhas_altar_3,
          nicolae_dithmenos_the_darkroom, uniq_duvessa
D:6:      minmay_temple_entry_poolview, portal_sewer_entry_e, grunt_ministairs_3
D:7:      serial_shops, shop, uniq_prince_ribbit1, uniq_pikel
D:8:      gammafunk_cloud_chamber, serial_shops, shop, shop,
          nicolae_shop_temple_entry_statues_fountains
D:9:      corexii_corridor_pit
Sewer:    sewer_co_cracked_pipes
